[ AOE2 MATCH · #474017256 ]
UnrankedAztecs vs Lithuanians
[ REPLAY ANALYSIS · EXTRACTED FROM THE RECORDED GAME ]
Feudal
6:14
Castle
9:44
Imperial
16:19
| APM avg | 39.7 |
| APM peak | 133 |
| eAPM avg | 22.8 |
| Villagers / military | 66 / 5 |
Focus
⚔️ 25.4% · 🌾 74.6%
Unknown (759) ×263 · Unknown (1660) ×188 · Mangonel ×4 · Monk ×1
Feudal
1:23
Castle
7:11
Imperial
11:40
| APM avg | 23.9 |
| APM peak | 57 |
| eAPM avg | 21.0 |
| Villagers / military | 141 / 234 |
Focus
⚔️ 25.4% · 🌾 74.6%
Scout Cavalry ×209 · Mangonel ×22 · Monk ×2 · Battering Ram ×1
Feudal
1:30
Castle
6:42
Imperial
9:52
| APM avg | 44.3 |
| APM peak | 84 |
| eAPM avg | 42.4 |
| Villagers / military | 108 / 251 |
Focus
⚔️ 24.6% · 🌾 75.4%
Knight ×89 · Scout Cavalry ×48 · Bombard Cannon ×45 · Mangonel ×26 · Cavalry Archer ×20 · Monk ×19
Feudal
6:38
Castle
8:49
Imperial
23:59
| APM avg | 31.0 |
| APM peak | 175 |
| eAPM avg | 29.2 |
| Villagers / military | 248 / 140 |
Focus
⚔️ 75.2% · 🌾 24.8%
Unknown (759) ×2261 · Militia ×140 · Unknown (1660) ×65
Feudal
6:22
Castle
10:47
Imperial
17:46
| APM avg | 77.2 |
| APM peak | 414 |
| eAPM avg | 75.3 |
| Villagers / military | 171 / 2 |
Focus
⚔️ 80.7% · 🌾 19.3%
Unknown (759) ×5169 · Mangonel ×2
Feudal
3:39
Castle
7:44
Imperial
13:01
| APM avg | 13.4 |
| APM peak | 51 |
| eAPM avg | 13.0 |
| Villagers / military | 119 / 35 |
Focus
⚔️ 23.9% · 🌾 76.1%
Bombard Cannon ×35
Feudal
2:38
Castle
7:35
Imperial
9:46
| APM avg | 36.8 |
| APM peak | 84 |
| eAPM avg | 31.4 |
| Villagers / military | 17 / 498 |
Focus
⚔️ 27.6% · 🌾 72.4%
Scout Cavalry ×464 · Bombard Cannon ×29 · Mangonel ×5
Feudal
5:48
Castle
9:26
Imperial
17:20
| APM avg | 16.2 |
| APM peak | 246 |
| eAPM avg | 15.8 |
| Villagers / military | 44 / 76 |
Focus
⚔️ 67.0% · 🌾 33.0%
Unknown (759) ×388 · Spearman ×76
Match map
Initial resources + every placement click. Lines = walls · curves = elevation contours. ◆ gold · ⬟ stone · ● berries · ✦ relic · ◌ wall gap
Your base
{R} Parry's base
CrazyKaelby's base
[S33]ff's base
Keishi's base
[TW] hushin0917's base
Ye's base
Pineappleman's base
Smoothed initial terrain · ◌ = detected wall gap · hover for details
Inputs per minute
— Bao Oninon - - {R} Parry
Build order — Bao Oninon
First 150 of 367 actions detected
| 0:02 | Create | Villager (Male) |
| 0:03 | Create | Villager (Male) |
| 0:05 | Build | Mill |
| 0:11 | Create | Villager (Male) |
| 0:11 | Create | Villager (Male) |
| 1:04 | Build | Farm |
| 1:24 | Build | Farm |
| 1:53 | Build | Farm |
| 2:01 | Build | Farm |
| 2:21 | Create | Villager (Male) |
| 2:21 | Create | Villager (Male) |
| 2:22 | Create | Villager (Male) |
| 2:30 | Build | Farm |
| 3:11 | Create | Villager (Male) |
| 3:12 | Create | Villager (Male) |
| 3:12 | Create | Villager (Male) |
| 3:13 | Create | Villager (Male) |
| 3:14 | Create | Villager (Male) |
| 3:16 | Build | Farm |
| 3:56 | Create | Villager (Male) |
| 3:56 | Create | Villager (Male) |
| 3:57 | Create | Villager (Male) |
| 3:58 | Create | Villager (Male) |
| 4:03 | Build | Lumber Camp |
| 4:52 | Build | Farm |
| 4:52 | Build | Farm |
| 4:53 | Build | Farm |
| 5:22 | Research | Feudal Age |
| 5:22 | Research | Feudal Age |
| 5:36 | Build | Farm |
| 6:14 | Age | Feudal Age |
| 6:19 | Research | Tech 1625 |
| 6:19 | Create | Villager (Male) |
| 6:21 | Build | Market |
| 6:35 | Create | Villager (Male) |
| 6:40 | Research | Town Watch |
| 6:41 | Create | Villager (Male) |
| 6:48 | Build | Blacksmith |
| 6:54 | Create | Villager (Male) |
| 7:24 | Build | Farm |
| 7:35 | Build | Farm |
| 7:42 | Create | Villager (Male) |
| 8:08 | Build | Farm |
| 8:10 | Build | Farm |
| 8:13 | Build | Farm |
| 8:15 | Create | Villager (Male) |
| 8:40 | Research | Castle Age |
| 8:40 | Research | Castle Age |
| 8:41 | Research | Castle Age |
| 9:16 | Research | Double-Bit Axe |
| 9:16 | Research | Double-Bit Axe |
| 9:16 | Research | Double-Bit Axe |
| 9:17 | Research | Tech 1687 |
| 9:17 | Research | Tech 1687 |
| 9:17 | Research | Tech 1687 |
| 9:17 | Research | Tech 1687 |
| 9:18 | Research | Tech 1688 |
| 9:18 | Research | Tech 1688 |
| 9:18 | Research | Tech 1688 |
| 9:44 | Create | Villager (Male) |
| 9:44 | Age | Castle Age |
| 9:50 | Build | Town Center |
| 9:55 | Build | Town Center |
| 9:59 | Build | Farm |
| 10:03 | Build | Lumber Camp |
| 10:06 | Build | Farm |
| 10:08 | Create | Villager (Male) |
| 10:08 | Create | Villager (Male) |
| 10:21 | Create | Villager (Male) |
| 10:21 | Create | Villager (Male) |
| 10:28 | Research | Bow Saw |
| 10:28 | Research | Bow Saw |
| 10:28 | Research | Bow Saw |
| 10:29 | Research | Tech 1691 |
| 10:29 | Research | Tech 1691 |
| 10:29 | Research | Tech 1691 |
| 10:54 | Create | Villager (Male) |
| 10:54 | Create | Villager (Male) |
| 10:54 | Create | Villager (Male) |
| 10:55 | Create | Villager (Male) |
| 10:55 | Create | Villager (Male) |
| 11:06 | Research | Tech 1692 |
| 11:06 | Research | Tech 1692 |
| 11:06 | Research | Tech 1692 |
| 11:12 | Create | Villager (Male) |
| 11:12 | Create | Villager (Male) |
| 11:32 | Create | Villager (Male) |
| 11:33 | Create | Villager (Male) |
| 11:36 | Create | Villager (Male) |
| 11:36 | Create | Villager (Male) |
| 11:38 | Create | Villager (Male) |
| 11:57 | Build | Farm |
| 12:06 | Research | Wheelbarrow |
| 12:07 | Research | Wheelbarrow |
| 12:07 | Research | Wheelbarrow |
| 12:23 | Research | Tech 1699 |
| 12:24 | Research | Tech 1699 |
| 12:24 | Research | Tech 1699 |
| 12:43 | Build | Farm |
| 13:00 | Build | Farm |
| 13:23 | Build | Lumber Camp |
| 13:26 | Build | Market |
| 14:21 | Build | Monastery |
| 14:47 | Build | Siege Workshop |
| 14:54 | Build | Farm |
| 15:03 | Research | Imperial Age |
| 15:04 | Create | Mangonel |
| 15:11 | Create | Mangonel |
| 15:16 | Build | Farm |
| 15:18 | Build | Farm |
| 15:29 | Build | Farm |
| 15:58 | Build | Outpost |
| 16:06 | Build | Outpost |
| 16:19 | Age | Imperial Age |
| 16:20 | Research | Onager (upgrade) |
| 16:20 | Research | Onager (upgrade) |
| 16:26 | Research | Town Patrol |
| 17:13 | Build | Outpost |
| 17:31 | Build | Outpost |
| 18:01 | Build | Town Center |
| 18:03 | Build | Monastery |
| 18:14 | Build | Monastery |
| 18:29 | Create | Villager (Male) |
| 18:29 | Create | Villager (Male) |
| 18:30 | Create | Villager (Male) |
| 18:31 | Create | Villager (Male) |
| 18:32 | Create | Villager (Male) |
| 18:43 | Create | Monk |
| 18:48 | Build | Mining Camp |
| 18:55 | Create | Villager (Male) |
| 18:55 | Create | Villager (Male) |
| 18:55 | Create | Villager (Male) |
| 18:56 | Create | Villager (Male) |
| 19:24 | Build | Mining Camp |
| 19:26 | Build | Mining Camp |
| 19:28 | Build | Mining Camp |
| 19:33 | Create | Villager (Male) |
| 19:34 | Create | Villager (Male) |
| 19:34 | Create | Villager (Male) |
| 19:34 | Create | Villager (Male) |
| 19:36 | Build | Mining Camp |
| 19:38 | Build | Mining Camp |
| 19:56 | Create | Mangonel |
| 19:56 | Create | Mangonel |
| 20:12 | Build | Donjon |
| 20:51 | Research | Stone Mining |
| 20:51 | Research | Stone Mining |
| 20:51 | Research | Stone Mining |
| 20:51 | Research | Stone Mining |
| 20:52 | Research | Tech 1723 |
Build order — {R} Parry
First 150 of 429 actions detected
| 0:03 | Create | Villager (Male) |
| 0:04 | Create | Villager (Male) |
| 0:06 | Build | Lumber Camp |
| 0:14 | Build | Mill |
| 0:31 | Research | Feudal Age |
| 1:23 | Age | Feudal Age |
| 1:24 | Research | Wheelbarrow |
| 1:24 | Research | Tech 1699 |
| 1:25 | Research | Tech 1700 |
| 1:36 | Research | Double-Bit Axe |
| 2:06 | Build | Farm |
| 2:13 | Create | Villager (Male) |
| 2:14 | Create | Villager (Male) |
| 2:14 | Create | Villager (Male) |
| 2:33 | Create | Villager (Male) |
| 2:48 | Research | Tech 1687 |
| 3:06 | Research | Tech 1688 |
| 3:11 | Create | Villager (Male) |
| 3:12 | Create | Villager (Male) |
| 3:46 | Build | Market |
| 3:56 | Create | Villager (Male) |
| 3:57 | Create | Villager (Male) |
| 4:16 | Build | Blacksmith |
| 4:21 | Create | Villager (Male) |
| 4:39 | Build | Farm |
| 5:02 | Build | Farm |
| 5:06 | Build | Farm |
| 5:18 | Build | Farm |
| 5:21 | Build | Farm |
| 5:29 | Research | Tech 1625 |
| 5:30 | Research | Tech 1624 |
| 5:30 | Research | Horse Collar |
| 5:37 | Build | Farm |
| 5:40 | Build | Farm |
| 5:47 | Research | Town Watch |
| 5:48 | Research | Tech 1612 |
| 5:48 | Research | Tech 1613 |
| 5:50 | Create | Villager (Male) |
| 5:50 | Create | Villager (Male) |
| 5:53 | Build | Farm |
| 5:56 | Build | Farm |
| 6:07 | Research | Castle Age |
| 6:10 | Create | Villager (Male) |
| 6:10 | Create | Villager (Male) |
| 6:13 | Build | Farm |
| 6:16 | Build | Farm |
| 6:18 | Create | Villager (Male) |
| 6:46 | Build | Lumber Camp |
| 7:11 | Age | Castle Age |
| 7:13 | Research | Bow Saw |
| 7:14 | Research | Tech 1691 |
| 7:14 | Research | Tech 1692 |
| 7:18 | Research | Tech 1623 |
| 7:19 | Research | Tech 1622 |
| 7:19 | Research | Tech 1622 |
| 7:19 | Research | Heavy Plow |
| 7:25 | Research | Hand Cart |
| 7:25 | Research | Hand Cart |
| 7:25 | Research | Tech 1715 |
| 7:26 | Research | Tech 1715 |
| 7:28 | Research | Tech 1716 |
| 7:38 | Create | Villager (Male) |
| 7:39 | Create | Villager (Male) |
| 7:39 | Create | Villager (Male) |
| 7:44 | Build | Town Center |
| 7:50 | Build | Town Center |
| 8:20 | Create | Villager (Male) |
| 8:20 | Create | Villager (Male) |
| 8:20 | Create | Villager (Male) |
| 8:21 | Create | Villager (Male) |
| 8:25 | Build | Town Center |
| 8:47 | Create | Villager (Male) |
| 8:48 | Create | Villager (Male) |
| 8:48 | Create | Villager (Male) |
| 8:57 | Build | Siege Workshop |
| 9:04 | Build | Monastery |
| 9:12 | Create | Villager (Male) |
| 9:14 | Create | Villager (Male) |
| 9:15 | Create | Villager (Male) |
| 9:16 | Create | Villager (Male) |
| 9:17 | Create | Villager (Male) |
| 9:31 | Create | Monk |
| 9:43 | Research | Imperial Age |
| 9:45 | Create | Villager (Male) |
| 9:45 | Create | Villager (Male) |
| 9:46 | Create | Villager (Male) |
| 9:48 | Create | Mangonel |
| 9:48 | Create | Mangonel |
| 9:54 | Create | Villager (Male) |
| 9:55 | Create | Villager (Male) |
| 9:55 | Create | Villager (Male) |
| 9:55 | Create | Villager (Male) |
| 9:57 | Create | Villager (Male) |
| 10:10 | Create | Mangonel |
| 10:10 | Create | Mangonel |
| 10:15 | Create | Villager (Male) |
| 10:15 | Create | Villager (Male) |
| 10:15 | Create | Villager (Male) |
| 10:16 | Create | Villager (Male) |
| 10:16 | Create | Villager (Male) |
| 10:16 | Create | Villager (Male) |
| 10:32 | Create | Villager (Male) |
| 10:32 | Create | Villager (Male) |
| 10:32 | Create | Villager (Male) |
| 10:33 | Create | Villager (Male) |
| 10:46 | Create | Mangonel |
| 10:47 | Create | Mangonel |
| 11:13 | Build | Lumber Camp |
| 11:22 | Build | House |
| 11:28 | Build | Feitoria |
| 11:34 | Create | Villager (Male) |
| 11:34 | Create | Villager (Male) |
| 11:34 | Create | Villager (Male) |
| 11:35 | Create | Villager (Male) |
| 11:35 | Create | Villager (Male) |
| 11:40 | Age | Imperial Age |
| 11:48 | Research | Two-Man Saw |
| 11:48 | Research | Tech 1705 |
| 11:49 | Research | Tech 1706 |
| 12:02 | Research | Onager (upgrade) |
| 12:05 | Research | Tech 1621 |
| 12:09 | Create | Villager (Male) |
| 12:09 | Create | Villager (Male) |
| 12:10 | Create | Villager (Male) |
| 12:10 | Create | Villager (Male) |
| 12:10 | Create | Villager (Male) |
| 12:41 | Build | Town Center |
| 12:48 | Research | Tech 1620 |
| 12:48 | Research | Crop Rotation |
| 12:51 | Create | Villager (Male) |
| 12:51 | Create | Villager (Male) |
| 12:51 | Create | Villager (Male) |
| 12:52 | Create | Villager (Male) |
| 13:10 | Research | Loom |
| 13:11 | Research | Tech 1628 |
| 13:11 | Research | Tech 1629 |
| 13:13 | Research | Town Patrol |
| 13:15 | Create | Villager (Male) ×5 |
| 13:15 | Create | Villager (Male) ×5 |
| 13:15 | Create | Villager (Male) ×5 |
| 13:16 | Create | Villager (Male) ×5 |
| 13:24 | Build | Town Center |
| 13:30 | Build | Mining Camp |
| 13:49 | Create | Villager (Male) |
| 13:50 | Create | Villager (Male) |
| 13:50 | Create | Villager (Male) |
| 13:50 | Create | Villager (Male) |
| 13:51 | Create | Villager (Male) |
| 13:53 | Research | Stone Mining |
| 13:53 | Research | Tech 1723 |
Build order — CrazyKaelby
First 150 of 685 actions detected
| 0:06 | Build | Mill |
| 0:18 | Build | Lumber Camp |
| 0:38 | Research | Feudal Age |
| 0:38 | Research | Feudal Age |
| 0:57 | Create | Villager (Male) |
| 0:57 | Create | Villager (Male) |
| 1:30 | Age | Feudal Age |
| 1:32 | Research | Tech 1625 |
| 1:53 | Research | Tech 1624 |
| 1:55 | Create | Villager (Male) |
| 2:22 | Research | Horse Collar |
| 2:26 | Create | Villager (Male) |
| 2:52 | Build | Farm |
| 2:55 | Create | Villager (Male) |
| 3:15 | Build | Farm |
| 3:23 | Create | Villager (Male) |
| 3:45 | Create | Villager (Male) |
| 3:58 | Build | Market |
| 4:05 | Create | Villager (Male) |
| 4:40 | Create | Villager (Male) |
| 4:54 | Build | Blacksmith |
| 4:57 | Build | Lumber Camp |
| 5:02 | Build | Farm |
| 5:06 | Create | Villager (Male) |
| 5:13 | Build | Farm |
| 5:20 | Research | Castle Age |
| 5:26 | Research | Double-Bit Axe |
| 5:28 | Research | Tech 1687 |
| 5:37 | Research | Tech 1688 |
| 5:42 | Build | Farm |
| 5:46 | Create | Villager (Male) |
| 6:42 | Age | Castle Age |
| 7:15 | Build | Siege Workshop |
| 7:17 | Create | Villager (Male) |
| 7:23 | Research | Tech 1623 |
| 7:23 | Research | Tech 1623 |
| 7:24 | Research | Tech 1622 |
| 7:24 | Research | Tech 1622 |
| 7:24 | Research | Heavy Plow |
| 7:25 | Research | Heavy Plow |
| 7:42 | Build | Monastery |
| 7:44 | Create | Villager (Male) |
| 7:55 | Build | Farm |
| 7:57 | Build | Farm |
| 7:58 | Build | Farm |
| 8:11 | Create | Villager (Male) |
| 8:17 | Build | Farm |
| 8:24 | Research | Imperial Age |
| 8:36 | Build | Town Center |
| 8:41 | Research | Bow Saw |
| 8:41 | Research | Bow Saw |
| 8:41 | Research | Tech 1691 |
| 8:42 | Research | Tech 1692 |
| 8:42 | Research | Tech 1692 |
| 9:08 | Build | Siege Workshop |
| 9:18 | Build | Town Center |
| 9:27 | Create | Villager (Male) |
| 9:37 | Create | Villager (Male) |
| 9:52 | Age | Imperial Age |
| 9:55 | Research | Onager (upgrade) |
| 9:55 | Research | Onager (upgrade) |
| 10:02 | Research | Tech 1621 |
| 10:03 | Research | Tech 1620 |
| 10:03 | Research | Tech 1620 |
| 10:03 | Research | Crop Rotation |
| 10:04 | Research | Crop Rotation |
| 10:12 | Create | Villager (Male) |
| 10:15 | Create | Mangonel |
| 10:15 | Create | Mangonel |
| 10:16 | Create | Mangonel |
| 10:19 | Create | Villager (Male) |
| 10:20 | Create | Villager (Male) |
| 10:20 | Create | Villager (Male) |
| 10:30 | Research | Tech 1705 |
| 10:31 | Research | Tech 1706 |
| 10:34 | Create | Villager (Male) |
| 10:39 | Research | Loom |
| 10:39 | Research | Loom |
| 10:39 | Research | Tech 1628 |
| 10:40 | Research | Tech 1629 |
| 10:46 | Create | Villager (Male) |
| 11:07 | Create | Villager (Male) |
| 11:08 | Create | Villager (Male) |
| 11:12 | Build | Farm |
| 11:13 | Build | Farm |
| 11:15 | Build | Farm |
| 11:29 | Build | Farm |
| 11:30 | Build | Farm |
| 11:33 | Create | Villager (Male) |
| 11:34 | Create | Villager (Male) |
| 11:58 | Build | Feitoria |
| 11:59 | Build | Mill |
| 12:10 | Build | Barracks |
| 12:12 | Create | Villager (Male) |
| 12:35 | Build | Farm |
| 12:41 | Research | Wheelbarrow |
| 12:42 | Research | Wheelbarrow |
| 12:42 | Research | Tech 1699 |
| 12:42 | Research | Tech 1699 |
| 12:43 | Research | Tech 1700 |
| 12:44 | Research | Town Watch |
| 12:44 | Research | Town Watch |
| 12:45 | Research | Tech 1612 |
| 12:45 | Research | Tech 1612 |
| 12:45 | Research | Tech 1613 |
| 12:46 | Research | Tech 1613 |
| 12:52 | Build | Mining Camp |
| 12:54 | Build | Stable |
| 12:56 | Create | Villager (Male) |
| 13:02 | Build | Lumber Camp |
| 13:22 | Research | Light Cavalry (upgrade) |
| 13:22 | Research | Light Cavalry (upgrade) |
| 13:23 | Research | Bloodlines |
| 13:24 | Research | Tech 1749 |
| 13:24 | Research | Tech 1749 |
| 13:24 | Research | Tech 1750 |
| 13:25 | Research | Husbandry |
| 13:26 | Research | Tech 1634 |
| 13:27 | Research | Tech 1635 |
| 13:27 | Research | Tech 1635 |
| 13:29 | Create | Villager (Male) |
| 13:31 | Research | Hand Cart |
| 13:31 | Research | Hand Cart |
| 13:31 | Research | Tech 1715 |
| 13:32 | Research | Tech 1716 |
| 13:32 | Research | Tech 1716 |
| 13:39 | Build | Siege Workshop |
| 13:47 | Research | Stone Mining |
| 13:47 | Research | Stone Mining |
| 13:47 | Research | Tech 1723 |
| 13:48 | Research | Tech 1723 |
| 13:48 | Research | Tech 1724 |
| 13:48 | Research | Tech 1724 |
| 13:49 | Research | Gold Mining |
| 13:49 | Research | Tech 1653 |
| 13:50 | Research | Tech 1654 |
| 13:51 | Research | Stone Shaft Mining |
| 13:52 | Research | Tech 1727 |
| 13:53 | Research | Tech 1728 |
| 13:53 | Research | Tech 1728 |
| 13:55 | Create | Villager (Male) |
| 13:55 | Create | Villager (Male) |
| 14:07 | Build | Feitoria |
| 14:12 | Create | Villager (Male) |
| 14:13 | Create | Villager (Male) |
| 14:18 | Build | Town Center |
| 14:21 | Create | Villager (Male) |
| 14:21 | Create | Villager (Male) |
| 14:21 | Create | Villager (Male) |
| 14:22 | Create | Villager (Male) |
Build order — [S33]ff
First 150 of 929 actions detected
| 0:05 | Build | Mill |
| 0:07 | Create | Villager (Male) ×4 |
| 1:22 | Build | Farm |
| 1:36 | Build | Farm |
| 1:54 | Build | Lumber Camp |
| 2:31 | Create | Villager (Male) |
| 2:44 | Build | Farm |
| 3:14 | Create | Villager (Male) |
| 3:15 | Create | Villager (Male) |
| 3:15 | Create | Villager (Male) |
| 3:36 | Build | Farm |
| 3:37 | Build | Farm |
| 3:38 | Build | Farm |
| 3:40 | Build | Farm |
| 4:03 | Create | Villager (Male) |
| 4:04 | Create | Villager (Male) |
| 4:08 | Build | Farm |
| 4:56 | Create | Villager (Male) |
| 4:56 | Create | Villager (Male) |
| 5:28 | Research | Feudal Age |
| 6:38 | Age | Feudal Age |
| 7:05 | Build | Market |
| 7:09 | Build | Blacksmith |
| 7:45 | Research | Castle Age |
| 8:02 | Research | Double-Bit Axe |
| 8:02 | Research | Double-Bit Axe |
| 8:03 | Research | Tech 1687 |
| 8:03 | Research | Tech 1687 |
| 8:12 | Build | Farm |
| 8:15 | Research | Tech 1688 |
| 8:49 | Age | Castle Age |
| 8:52 | Create | Villager (Male) ×4 |
| 9:13 | Build | Town Center |
| 9:23 | Create | Villager (Male) ×5 |
| 9:23 | Create | Villager (Male) |
| 9:42 | Research | Tech 1625 |
| 9:56 | Research | Tech 1624 |
| 10:12 | Research | Horse Collar |
| 10:16 | Create | Villager (Male) |
| 10:45 | Build | Lumber Camp |
| 10:58 | Research | Coinage |
| 11:07 | Research | Town Watch |
| 11:08 | Research | Tech 1612 |
| 11:08 | Research | Tech 1612 |
| 11:14 | Research | Tech 1613 |
| 11:55 | Create | Villager (Male) ×5 |
| 11:55 | Create | Villager (Male) ×5 |
| 12:22 | Build | Lumber Camp |
| 12:27 | Research | Bow Saw |
| 12:32 | Create | Villager (Male) ×2 |
| 13:10 | Research | Tech 1691 |
| 13:12 | Create | Villager (Male) ×2 |
| 13:16 | Create | Villager (Male) |
| 13:40 | Research | Tech 1692 |
| 13:44 | Create | Villager (Male) |
| 13:45 | Create | Villager (Male) |
| 13:55 | Build | Lumber Camp |
| 14:07 | Build | Town Center |
| 14:19 | Create | Villager (Male) ×3 |
| 14:19 | Create | Villager (Male) ×3 |
| 14:24 | Build | Farm |
| 14:31 | Build | Farm |
| 14:41 | Create | Villager (Male) ×4 |
| 14:41 | Create | Villager (Male) ×4 |
| 15:08 | Create | Villager (Male) ×3 |
| 15:09 | Create | Villager (Male) ×3 |
| 15:22 | Build | Lumber Camp |
| 15:33 | Create | Villager (Male) ×4 |
| 15:33 | Create | Villager (Male) ×4 |
| 15:40 | Build | Farm |
| 15:43 | Build | Lumber Camp |
| 15:55 | Create | Villager (Male) ×5 |
| 15:55 | Create | Villager (Male) ×5 |
| 16:11 | Build | Town Center |
| 16:16 | Create | Villager (Male) ×3 |
| 16:17 | Create | Villager (Male) ×3 |
| 16:26 | Build | Lumber Camp |
| 16:36 | Create | Villager (Male) ×5 |
| 16:36 | Create | Villager (Male) ×5 |
| 16:36 | Create | Villager (Male) |
| 17:09 | Create | Villager (Male) ×3 |
| 17:09 | Create | Villager (Male) ×3 |
| 17:14 | Build | Lumber Camp |
| 17:29 | Create | Villager (Male) ×5 |
| 17:30 | Create | Villager (Male) ×5 |
| 17:40 | Build | Lumber Camp |
| 17:58 | Build | Farm |
| 18:00 | Build | Farm |
| 18:01 | Build | Farm |
| 18:04 | Build | Farm |
| 18:09 | Build | Mill |
| 18:17 | Build | Lumber Camp |
| 18:23 | Build | Farm |
| 18:25 | Research | Wheelbarrow |
| 18:25 | Research | Wheelbarrow |
| 18:26 | Research | Tech 1699 |
| 18:26 | Research | Tech 1699 |
| 18:35 | Create | Villager (Male) ×2 |
| 18:37 | Create | Villager (Male) |
| 18:52 | Research | Tech 1700 |
| 18:52 | Research | Tech 1700 |
| 19:00 | Create | Villager (Male) ×2 |
| 19:27 | Create | Villager (Male) ×3 |
| 19:28 | Create | Villager (Male) ×3 |
| 19:55 | Build | Town Center |
| 20:08 | Build | Lumber Camp |
| 20:15 | Build | Lumber Camp |
| 20:19 | Create | Villager (Male) ×5 |
| 20:19 | Create | Villager (Male) ×5 |
| 20:20 | Create | Villager (Male) ×5 |
| 20:20 | Create | Villager (Male) ×5 |
| 20:20 | Create | Villager (Male) ×5 |
| 20:25 | Build | Farm |
| 20:27 | Build | Farm |
| 20:30 | Build | Farm |
| 20:32 | Build | Farm |
| 20:33 | Build | Farm |
| 20:33 | Build | Farm |
| 20:42 | Build | Town Center |
| 20:56 | Build | Farm |
| 20:57 | Build | Farm |
| 20:58 | Build | Farm |
| 20:58 | Build | Farm |
| 20:59 | Build | Farm |
| 21:01 | Build | Farm |
| 21:01 | Build | Farm |
| 21:01 | Build | Farm |
| 21:01 | Build | Farm |
| 21:06 | Build | Mining Camp |
| 21:19 | Create | Villager (Male) ×4 |
| 21:19 | Create | Villager (Male) ×4 |
| 21:30 | Build | Mill |
| 21:45 | Build | Castle |
| 21:52 | Create | Villager (Male) ×5 |
| 21:53 | Create | Villager (Male) ×5 |
| 21:53 | Create | Villager (Male) ×5 |
| 21:53 | Create | Villager (Male) ×5 |
| 21:53 | Create | Villager (Male) ×5 |
| 22:20 | Build | Lumber Camp |
| 22:37 | Research | Imperial Age |
| 22:48 | Research | Hand Cart |
| 22:48 | Research | Hand Cart |
| 22:48 | Research | Tech 1715 |
| 22:48 | Research | Tech 1715 |
| 22:49 | Research | Tech 1716 |
| 22:49 | Research | Tech 1716 |
| 22:54 | Create | Villager (Male) ×5 |
| 22:54 | Create | Villager (Male) ×5 |
| 23:06 | Build | Mill |
| 23:50 | Research | Marauders |
Build order — Keishi
First 150 of 2173 actions detected
| 0:01 | Create | Villager (Male) ×4 |
| 0:05 | Build | Mill |
| 1:18 | Build | Farm |
| 1:20 | Build | Farm |
| 1:55 | Build | Farm |
| 1:57 | Build | Farm |
| 2:08 | Create | Villager (Male) |
| 2:27 | Create | Villager (Male) |
| 2:39 | Build | Farm |
| 3:01 | Create | Villager (Male) |
| 3:04 | Create | Villager (Male) ×2 |
| 3:04 | Create | Villager (Male) ×2 |
| 3:17 | Build | Farm |
| 3:23 | Create | Villager (Male) |
| 3:25 | Create | Villager (Male) |
| 3:25 | Create | Villager (Male) |
| 3:29 | Build | Farm |
| 4:10 | Build | Farm |
| 4:12 | Create | Villager (Male) ×4 |
| 4:12 | Create | Villager (Male) ×4 |
| 4:20 | Create | Villager (Male) |
| 4:20 | Create | Villager (Male) |
| 4:21 | Create | Villager (Male) |
| 4:21 | Create | Villager (Male) |
| 4:32 | Build | Lumber Camp |
| 4:54 | Build | Lumber Camp |
| 5:14 | Research | Feudal Age |
| 5:23 | Build | Farm |
| 5:50 | Build | Farm |
| 5:58 | Build | Farm |
| 6:22 | Age | Feudal Age |
| 6:24 | Create | Villager (Male) |
| 6:30 | Create | Villager (Male) |
| 6:37 | Research | Tech 1625 |
| 6:40 | Build | Farm |
| 6:54 | Create | Villager (Male) |
| 6:55 | Create | Villager (Male) |
| 7:00 | Research | Double-Bit Axe |
| 7:08 | Research | Tech 1687 |
| 7:15 | Research | Tech 1688 |
| 7:25 | Create | Villager (Male) |
| 7:25 | Create | Villager (Male) |
| 7:41 | Create | Villager (Male) |
| 7:44 | Build | Market |
| 7:50 | Create | Villager (Male) |
| 7:54 | Build | Farm |
| 8:02 | Create | Villager (Male) |
| 8:02 | Create | Villager (Male) |
| 8:03 | Create | Villager (Male) |
| 8:03 | Create | Villager (Male) |
| 8:10 | Research | Tech 1624 |
| 9:10 | Build | Blacksmith |
| 9:26 | Research | Castle Age |
| 9:26 | Research | Castle Age |
| 10:00 | Build | Farm |
| 10:09 | Build | Lumber Camp |
| 10:47 | Age | Castle Age |
| 10:51 | Create | Villager (Male) |
| 10:58 | Research | Bow Saw |
| 10:58 | Research | Bow Saw |
| 10:58 | Research | Tech 1691 |
| 10:58 | Research | Tech 1691 |
| 10:59 | Research | Tech 1692 |
| 11:04 | Build | Town Center |
| 11:16 | Research | Wheelbarrow |
| 11:17 | Research | Tech 1699 |
| 11:17 | Research | Tech 1699 |
| 11:17 | Research | Tech 1700 |
| 11:30 | Build | Town Center |
| 11:36 | Create | Villager (Male) |
| 11:45 | Create | Villager (Male) |
| 11:45 | Create | Villager (Male) |
| 11:45 | Create | Villager (Male) |
| 11:46 | Create | Villager (Male) |
| 11:46 | Create | Villager (Male) |
| 12:00 | Create | Villager (Male) |
| 12:16 | Create | Villager (Male) |
| 12:16 | Create | Villager (Male) |
| 12:16 | Create | Villager (Male) |
| 12:16 | Create | Villager (Male) |
| 12:17 | Create | Villager (Male) |
| 12:37 | Create | Villager (Male) |
| 12:37 | Create | Villager (Male) |
| 12:38 | Create | Villager (Male) |
| 12:38 | Create | Villager (Male) |
| 12:41 | Build | Lumber Camp |
| 12:50 | Research | Hand Cart |
| 12:51 | Research | Hand Cart |
| 12:52 | Create | Villager (Male) |
| 12:52 | Create | Villager (Male) |
| 12:53 | Create | Villager (Male) |
| 13:04 | Build | Farm |
| 13:17 | Build | Farm |
| 13:30 | Create | Villager (Male) |
| 13:31 | Create | Villager (Male) |
| 13:33 | Create | Villager (Male) |
| 13:33 | Create | Villager (Male) |
| 13:34 | Create | Villager (Male) |
| 13:34 | Create | Villager (Male) |
| 13:36 | Build | Farm |
| 13:39 | Build | Farm |
| 13:41 | Create | Villager (Male) |
| 13:42 | Create | Villager (Male) |
| 13:42 | Create | Villager (Male) |
| 14:03 | Create | Villager (Male) |
| 14:06 | Create | Villager (Male) |
| 14:06 | Create | Villager (Male) |
| 14:07 | Create | Villager (Male) |
| 14:07 | Create | Villager (Male) |
| 14:07 | Create | Villager (Male) |
| 14:08 | Create | Villager (Male) |
| 14:15 | Research | Tech 1715 |
| 14:16 | Create | Villager (Male) |
| 14:17 | Research | Tech 1716 |
| 14:18 | Create | Villager (Male) |
| 14:29 | Create | Villager (Male) |
| 14:30 | Create | Villager (Male) |
| 14:30 | Create | Villager (Male) |
| 14:36 | Build | Lumber Camp |
| 14:42 | Build | Lumber Camp |
| 15:09 | Create | Villager (Male) |
| 15:09 | Create | Villager (Male) |
| 15:09 | Create | Villager (Male) |
| 15:36 | Create | Villager (Male) |
| 15:36 | Create | Villager (Male) |
| 15:36 | Create | Villager (Male) |
| 15:37 | Create | Villager (Male) |
| 15:37 | Create | Villager (Male) |
| 15:37 | Create | Villager (Male) |
| 15:47 | Build | University |
| 15:57 | Create | Villager (Male) |
| 15:57 | Create | Villager (Male) |
| 16:06 | Build | Siege Workshop |
| 16:09 | Build | Lumber Camp |
| 16:25 | Research | Imperial Age |
| 16:33 | Create | Mangonel |
| 16:36 | Research | Town Watch |
| 16:36 | Research | Tech 1612 |
| 16:36 | Research | Tech 1613 |
| 16:37 | Research | Tech 1613 |
| 16:46 | Create | Villager (Male) ×5 |
| 16:46 | Create | Villager (Male) ×5 |
| 16:47 | Create | Villager (Male) |
| 16:48 | Create | Villager (Male) |
| 16:53 | Build | Farm |
| 16:55 | Build | Farm |
| 17:02 | Build | Town Center |
| 17:12 | Create | Villager (Male) |
| 17:12 | Create | Villager (Male) |
| 17:13 | Create | Villager (Male) |
Build order — [TW] hushin0917
First 150 of 306 actions detected
| 0:16 | Create | Villager (Male) ×5 |
| 0:17 | Create | Villager (Male) ×5 |
| 0:17 | Create | Villager (Male) ×5 |
| 0:17 | Create | Villager (Male) ×5 |
| 0:46 | Build | Mill |
| 1:19 | Build | Farm |
| 2:15 | Build | Lumber Camp |
| 2:35 | Build | Farm |
| 2:47 | Research | Feudal Age |
| 2:48 | Research | Feudal Age |
| 2:48 | Research | Feudal Age |
| 3:32 | Create | Villager (Male) |
| 3:33 | Create | Villager (Male) |
| 3:33 | Create | Villager (Male) |
| 3:36 | Create | Villager (Male) |
| 3:39 | Age | Feudal Age |
| 3:50 | Build | Blacksmith |
| 3:59 | Research | Double-Bit Axe |
| 3:59 | Research | Double-Bit Axe |
| 4:00 | Research | Tech 1687 |
| 4:01 | Research | Tech 1687 |
| 4:01 | Research | Tech 1688 |
| 4:01 | Research | Tech 1688 |
| 4:02 | Research | Tech 1688 |
| 4:15 | Build | Market |
| 4:24 | Create | Villager (Male) ×5 |
| 4:51 | Research | Tech 1625 |
| 4:51 | Research | Tech 1625 |
| 4:52 | Research | Tech 1625 |
| 4:52 | Research | Tech 1624 |
| 4:57 | Research | Horse Collar |
| 5:35 | Build | Lumber Camp |
| 5:40 | Build | Lumber Camp |
| 5:57 | Research | Wheelbarrow |
| 6:05 | Build | Farm |
| 6:31 | Research | Castle Age |
| 6:31 | Research | Castle Age |
| 6:37 | Create | Villager (Male) ×5 |
| 6:37 | Create | Villager (Male) ×5 |
| 7:44 | Age | Castle Age |
| 7:51 | Build | Lumber Camp |
| 8:04 | Build | Town Center |
| 8:15 | Research | Bow Saw |
| 8:15 | Research | Bow Saw |
| 8:15 | Research | Bow Saw |
| 8:16 | Research | Tech 1691 |
| 8:16 | Research | Tech 1691 |
| 8:16 | Research | Tech 1691 |
| 8:17 | Research | Tech 1692 |
| 8:29 | Build | Farm |
| 8:37 | Build | Farm |
| 8:44 | Research | Hand Cart |
| 8:45 | Research | Tech 1699 |
| 8:46 | Research | Tech 1699 |
| 9:10 | Build | Town Center |
| 9:15 | Create | Villager (Male) ×5 |
| 9:37 | Research | Town Watch |
| 9:37 | Research | Town Watch |
| 9:37 | Research | Town Watch |
| 9:38 | Research | Tech 1612 |
| 9:38 | Research | Tech 1612 |
| 9:39 | Research | Tech 1613 |
| 9:39 | Research | Tech 1613 |
| 9:39 | Research | Tech 1613 |
| 9:43 | Research | Tech 1700 |
| 9:44 | Research | Tech 1700 |
| 9:44 | Research | Tech 1700 |
| 9:45 | Research | Tech 1715 |
| 9:45 | Research | Tech 1715 |
| 9:45 | Research | Tech 1715 |
| 9:46 | Research | Tech 1716 |
| 9:46 | Research | Tech 1716 |
| 9:46 | Research | Tech 1716 |
| 10:18 | Build | Lumber Camp |
| 11:01 | Build | Monastery |
| 11:05 | Build | University |
| 11:15 | Create | Villager (Male) ×5 |
| 11:15 | Create | Villager (Male) ×5 |
| 11:19 | Create | Villager (Male) ×5 |
| 11:45 | Research | Imperial Age |
| 11:52 | Build | Lumber Camp |
| 12:01 | Create | Villager (Male) ×5 |
| 13:01 | Build | Lumber Camp |
| 13:01 | Age | Imperial Age |
| 13:08 | Build | Lumber Camp |
| 13:20 | Create | Villager (Male) ×5 |
| 13:20 | Create | Villager (Male) ×5 |
| 13:20 | Create | Villager (Male) ×5 |
| 13:28 | Research | Two-Man Saw |
| 13:28 | Research | Two-Man Saw |
| 13:28 | Research | Two-Man Saw |
| 13:29 | Research | Tech 1705 |
| 13:29 | Research | Tech 1705 |
| 13:30 | Research | Tech 1706 |
| 13:30 | Research | Tech 1706 |
| 13:36 | Build | House |
| 13:38 | Build | House |
| 13:40 | Build | House |
| 13:47 | Research | Guilds |
| 13:57 | Build | Mining Camp |
| 14:07 | Build | Mining Camp |
| 14:23 | Research | Stone Mining |
| 14:24 | Research | Stone Mining |
| 14:24 | Research | Tech 1723 |
| 14:24 | Research | Tech 1723 |
| 14:36 | Research | Tech 1724 |
| 14:36 | Research | Tech 1724 |
| 14:36 | Research | Tech 1724 |
| 14:37 | Research | Tech 1727 |
| 14:37 | Research | Tech 1727 |
| 14:37 | Research | Tech 1727 |
| 14:38 | Research | Tech 1728 |
| 14:38 | Research | Tech 1728 |
| 14:38 | Research | Tech 1728 |
| 14:43 | Research | Gold Mining |
| 14:44 | Research | Tech 1653 |
| 14:44 | Research | Tech 1653 |
| 14:45 | Research | Tech 1653 |
| 14:45 | Research | Tech 1654 |
| 14:45 | Research | Tech 1654 |
| 14:46 | Research | Tech 1654 |
| 14:47 | Research | Gold Shaft Mining |
| 14:47 | Research | Gold Shaft Mining |
| 14:50 | Research | Tech 1677 |
| 14:51 | Research | Tech 1677 |
| 14:51 | Research | Tech 1678 |
| 14:52 | Research | Tech 1678 |
| 14:52 | Research | Tech 1678 |
| 15:02 | Build | Mill |
| 15:11 | Build | Lumber Camp |
| 15:25 | Build | Lumber Camp |
| 15:31 | Build | Farm |
| 15:35 | Build | Farm |
| 15:46 | Build | Castle |
| 15:52 | Build | University |
| 16:07 | Research | Treadmill Crane |
| 16:08 | Research | Treadmill Crane |
| 16:08 | Research | Tech 1651 |
| 16:08 | Research | Tech 1651 |
| 16:09 | Research | Tech 1652 |
| 16:09 | Research | Tech 1652 |
| 16:11 | Research | Chemistry |
| 16:18 | Build | Barracks |
| 16:27 | Research | Tech 1623 |
| 16:37 | Build | Lumber Camp |
| 16:49 | Build | Archery Range |
| 16:53 | Research | Ballistics |
| 16:55 | Research | Bombard Tower (upgrade) |
| 16:55 | Research | Bombard Tower (upgrade) |
| 16:58 | Research | Tech 1743 |
Build order — Ye
First 150 of 388 actions detected
| 0:05 | Build | Mill |
| 0:07 | Create | Villager (Male) |
| 0:08 | Create | Villager (Male) |
| 0:08 | Create | Villager (Male) |
| 0:22 | Build | Farm |
| 0:43 | Create | Villager (Male) |
| 1:07 | Create | Villager (Male) |
| 1:19 | Build | Lumber Camp |
| 1:35 | Research | Feudal Age |
| 2:38 | Age | Feudal Age |
| 2:39 | Create | Villager (Male) |
| 2:40 | Create | Villager (Male) |
| 2:42 | Build | Market |
| 3:06 | Research | Double-Bit Axe |
| 3:06 | Research | Tech 1687 |
| 3:07 | Research | Tech 1688 |
| 3:07 | Research | Tech 1688 |
| 3:12 | Create | Villager (Male) |
| 3:33 | Create | Villager (Male) |
| 3:33 | Create | Villager (Male) |
| 4:28 | Create | Villager (Male) |
| 4:29 | Create | Villager (Male) |
| 5:17 | Build | Farm |
| 5:35 | Build | Farm |
| 5:44 | Build | Farm |
| 5:55 | Build | Farm |
| 6:03 | Build | Farm |
| 6:13 | Build | Farm |
| 6:19 | Build | Blacksmith |
| 6:31 | Research | Castle Age |
| 7:35 | Age | Castle Age |
| 7:37 | Build | University |
| 7:47 | Build | Siege Workshop |
| 8:14 | Build | Farm |
| 8:23 | Build | Farm |
| 8:30 | Research | Imperial Age |
| 9:46 | Age | Imperial Age |
| 9:55 | Build | Feitoria |
| 10:05 | Research | Wheelbarrow |
| 10:05 | Research | Tech 1699 |
| 11:11 | Research | Hand Cart |
| 11:12 | Research | Tech 1700 |
| 11:12 | Research | Tech 1715 |
| 11:12 | Research | Tech 1716 |
| 11:14 | Research | Town Watch |
| 11:14 | Research | Tech 1612 |
| 11:14 | Research | Tech 1613 |
| 12:08 | Build | House |
| 12:10 | Build | House |
| 12:20 | Build | Feitoria |
| 12:22 | Build | Feitoria |
| 12:45 | Build | Siege Workshop |
| 13:03 | Research | Onager (upgrade) |
| 13:18 | Create | Mangonel |
| 13:18 | Create | Mangonel |
| 13:18 | Create | Mangonel |
| 13:20 | Create | Mangonel |
| 13:24 | Build | Lumber Camp |
| 13:45 | Create | Mangonel |
| 13:49 | Research | Bow Saw |
| 13:49 | Research | Tech 1691 |
| 13:49 | Research | Tech 1692 |
| 13:53 | Research | Two-Man Saw |
| 13:54 | Research | Tech 1705 |
| 13:54 | Research | Tech 1706 |
| 15:13 | Build | Feitoria |
| 15:45 | Build | Feitoria |
| 16:15 | Build | House |
| 16:18 | Build | House |
| 16:18 | Build | House |
| 16:18 | Build | House |
| 16:48 | Build | Feitoria |
| 16:49 | Build | Feitoria |
| 17:49 | Build | Castle |
| 17:54 | Build | University |
| 17:56 | Build | Blacksmith |
| 17:57 | Build | Blacksmith |
| 18:36 | Research | Arquebus |
| 18:37 | Research | Tech 1404 |
| 18:38 | Research | Elite Organ Gun (upgrade) |
| 18:39 | Research | Conscription |
| 18:40 | Research | Tech 1733 |
| 18:40 | Research | Tech 1733 |
| 18:40 | Research | Tech 1734 |
| 18:47 | Research | Treadmill Crane |
| 18:47 | Research | Masonry |
| 18:48 | Research | Murder Holes |
| 18:48 | Research | Siege Engineers |
| 18:48 | Research | Ballistics |
| 18:48 | Research | Tech 1743 |
| 18:49 | Research | Tech 1744 |
| 18:49 | Research | Tech 1651 |
| 18:50 | Research | Guard Tower (upgrade) |
| 18:50 | Research | Tech 1652 |
| 18:50 | Research | Tech 1646 |
| 18:50 | Research | Tech 1812 |
| 18:50 | Research | Tech 1647 |
| 18:51 | Research | Tech 1813 |
| 18:51 | Research | Chemistry |
| 18:52 | Research | Tech 1640 |
| 18:52 | Research | Tech 1640 |
| 18:52 | Research | Tech 1641 |
| 18:58 | Build | Town Center |
| 19:00 | Research | Fletching |
| 19:00 | Research | Padded Archer Armor |
| 19:00 | Research | Tech 1681 |
| 19:00 | Research | Tech 1695 |
| 19:00 | Research | Tech 1682 |
| 19:01 | Research | Tech 1696 |
| 19:01 | Research | Tech 1696 |
| 19:02 | Research | Scale Mail Armor |
| 19:02 | Research | Forging |
| 19:04 | Research | Tech 1745 |
| 19:04 | Research | Tech 1746 |
| 19:12 | Build | Barracks |
| 19:33 | Research | Loom |
| 19:33 | Research | Town Patrol |
| 19:33 | Research | Tech 1628 |
| 19:34 | Research | Tech 1629 |
| 19:36 | Research | Bodkin Arrow |
| 19:36 | Research | Leather Archer Armor |
| 19:36 | Research | Tech 1697 |
| 19:36 | Research | Tech 1683 |
| 19:37 | Research | Tech 1683 |
| 19:37 | Research | Tech 1697 |
| 19:37 | Research | Tech 1698 |
| 19:37 | Research | Tech 1684 |
| 19:39 | Research | Bracer |
| 19:40 | Research | Tech 1685 |
| 19:40 | Research | Tech 1686 |
| 19:41 | Research | Ring Archer Armor |
| 19:42 | Research | Tech 1703 |
| 19:42 | Research | Tech 1704 |
| 19:42 | Research | Tech 1704 |
| 19:45 | Build | Stable |
| 19:47 | Build | Archery Range |
| 19:49 | Research | Tech 1701 |
| 19:49 | Research | Gambesons |
| 19:49 | Research | Arson |
| 19:50 | Research | Arson |
| 19:50 | Research | Tech 1858 |
| 19:50 | Research | Tech 1702 |
| 19:50 | Research | Tech 1859 |
| 19:50 | Research | Tech 1721 |
| 19:50 | Research | Tech 1721 |
| 19:50 | Research | Tech 1721 |
| 19:50 | Research | Tech 1721 |
| 19:51 | Research | Tech 1722 |
| 19:52 | Research | Architecture |
| 19:52 | Research | Tech 1648 |
Build order — Pineappleman
First 150 of 419 actions detected
| 0:01 | Create | Villager (Male) |
| 0:01 | Create | Villager (Male) |
| 0:01 | Create | Villager (Male) |
| 0:01 | Create | Villager (Male) |
| 0:07 | Build | Mill |
| 1:21 | Build | Lumber Camp |
| 1:51 | Build | Farm |
| 2:00 | Build | Farm |
| 2:07 | Build | Farm |
| 2:35 | Build | Farm |
| 2:41 | Build | Farm |
| 2:46 | Build | Farm |
| 2:52 | Create | Villager (Male) |
| 2:59 | Create | Villager (Male) |
| 3:20 | Build | Farm |
| 3:32 | Create | Villager (Male) |
| 3:36 | Create | Villager (Male) |
| 3:44 | Build | Farm |
| 3:50 | Create | Villager (Male) |
| 4:42 | Research | Feudal Age |
| 5:34 | Build | Farm |
| 5:35 | Build | Farm |
| 5:41 | Create | Villager (Male) |
| 5:48 | Age | Feudal Age |
| 5:52 | Create | Villager (Male) |
| 6:22 | Build | Farm |
| 6:24 | Build | Farm |
| 6:27 | Create | Villager (Male) |
| 6:31 | Research | Double-Bit Axe |
| 6:52 | Build | Farm |
| 7:07 | Build | Farm |
| 7:29 | Build | Market |
| 7:35 | Research | Tech 1687 |
| 7:47 | Research | Tech 1688 |
| 8:06 | Build | Blacksmith |
| 8:22 | Research | Castle Age |
| 8:27 | Build | Farm |
| 8:38 | Build | Farm |
| 8:48 | Research | Town Watch |
| 8:48 | Research | Tech 1612 |
| 8:49 | Research | Tech 1613 |
| 8:55 | Research | Wheelbarrow |
| 9:26 | Age | Castle Age |
| 9:31 | Research | Bow Saw |
| 9:53 | Research | Tech 1691 |
| 10:21 | Research | Tech 1692 |
| 10:32 | Create | Villager (Male) |
| 10:32 | Create | Villager (Male) |
| 10:33 | Create | Villager (Male) |
| 10:54 | Build | Town Center |
| 11:03 | Create | Villager (Male) |
| 11:03 | Create | Villager (Male) |
| 11:04 | Create | Villager (Male) |
| 11:08 | Build | Lumber Camp |
| 11:54 | Create | Villager (Male) ×5 |
| 12:31 | Build | Town Center |
| 12:34 | Build | Town Center |
| 12:42 | Build | Mining Camp |
| 12:50 | Create | Villager (Male) ×5 |
| 12:50 | Create | Villager (Male) ×5 |
| 12:52 | Create | Villager (Male) |
| 13:08 | Research | Stone Mining |
| 13:08 | Research | Stone Mining |
| 13:08 | Research | Tech 1723 |
| 13:08 | Research | Tech 1723 |
| 14:08 | Build | Mining Camp |
| 14:12 | Build | Mining Camp |
| 14:17 | Build | Town Center |
| 15:18 | Build | Farm |
| 15:39 | Build | Castle |
| 16:04 | Research | Imperial Age |
| 16:36 | Build | Market |
| 16:41 | Build | Mill |
| 16:48 | Research | Gold Mining |
| 16:48 | Research | Gold Mining |
| 16:48 | Research | Tech 1653 |
| 16:48 | Research | Tech 1653 |
| 16:49 | Research | Tech 1654 |
| 16:49 | Research | Tech 1654 |
| 17:00 | Research | Anarchy |
| 17:18 | Create | Villager (Male) ×5 |
| 17:20 | Age | Imperial Age |
| 17:21 | Research | Hand Cart |
| 17:22 | Research | Hand Cart |
| 17:22 | Research | Tech 1699 |
| 17:22 | Research | Tech 1699 |
| 17:56 | Research | Elite Huskarl (upgrade) |
| 18:12 | Research | Perfusion |
| 18:21 | Create | Villager (Male) ×5 |
| 18:44 | Build | Barracks |
| 18:52 | Build | Donjon |
| 19:06 | Build | Blacksmith |
| 19:15 | Research | Squires |
| 19:15 | Research | Squires |
| 19:16 | Research | Tech 1701 |
| 19:16 | Research | Tech 1701 |
| 19:16 | Research | Tech 1702 |
| 19:17 | Research | Tech 1702 |
| 19:25 | Research | Fletching |
| 19:25 | Research | Fletching |
| 19:26 | Research | Tech 1681 |
| 19:26 | Research | Tech 1681 |
| 19:36 | Research | Tech 1682 |
| 19:36 | Research | Tech 1682 |
| 19:38 | Research | Bodkin Arrow |
| 19:38 | Research | Bodkin Arrow |
| 19:38 | Research | Tech 1683 |
| 19:39 | Research | Tech 1683 |
| 19:39 | Research | Tech 1684 |
| 19:39 | Research | Tech 1684 |
| 20:07 | Build | University |
| 20:18 | Research | Bracer |
| 20:18 | Research | Bracer |
| 20:19 | Research | Tech 1685 |
| 20:19 | Research | Tech 1685 |
| 20:19 | Research | Tech 1686 |
| 20:19 | Research | Tech 1686 |
| 20:28 | Build | Donjon |
| 20:33 | Research | Tech 1812 |
| 20:33 | Research | Tech 1812 |
| 20:33 | Research | Tech 1813 |
| 20:34 | Research | Tech 1813 |
| 20:36 | Research | Ballistics |
| 20:36 | Research | Ballistics |
| 20:38 | Research | Chemistry |
| 20:39 | Research | Tech 1640 |
| 20:40 | Research | Tech 1641 |
| 20:40 | Research | Tech 1641 |
| 21:08 | Build | Farm |
| 21:29 | Research | Tech 1700 |
| 21:29 | Research | Tech 1700 |
| 21:30 | Research | Tech 1715 |
| 21:30 | Research | Tech 1715 |
| 21:37 | Research | Tech 1716 |
| 21:37 | Research | Tech 1716 |
| 21:37 | Research | Tech 1715 |
| 21:38 | Research | Tech 1715 |
| 22:10 | Create | Unit 759 ×5 |
| 22:11 | Create | Unit 759 ×5 |
| 22:11 | Create | Unit 759 ×5 |
| 22:12 | Create | Unit 759 ×5 |
| 22:12 | Create | Unit 759 ×5 |
| 22:12 | Create | Unit 759 ×4 |
| 22:13 | Create | Unit 759 |
| 22:13 | Create | Unit 759 |
| 22:13 | Create | Unit 759 |
| 22:13 | Create | Unit 759 ×2 |
| 22:14 | Create | Unit 759 ×2 |
| 22:15 | Research | Scale Mail Armor |
| 22:15 | Research | Scale Mail Armor |
Match timeline
| 1:23 | {R} Parry · age_up feudal |
| 1:30 | CrazyKaelby · age_up feudal |
| 2:38 | Ye · age_up feudal |
| 3:15 | Ye · first_market_sell 100 wood |
| 3:39 | [TW] hushin0917 · age_up feudal |
| 4:18 | {R} Parry · first_market_sell 500 food |
| 4:25 | CrazyKaelby · first_market_sell 500 food |
| 5:17 | [TW] hushin0917 · first_market_sell 500 wood |
| 5:32 | CrazyKaelby · first_market_buy 100 stone |
| 5:48 | Pineappleman · age_up feudal |
| 6:14 | Bao Oninon · age_up feudal |
| 6:22 | Keishi · age_up feudal |
| 6:38 | [S33]ff · age_up feudal |
| 6:42 | CrazyKaelby · age_up castle |
| 7:03 | Ye · first_market_buy 100 stone |
| 7:11 | {R} Parry · age_up castle |
| 7:15 | CrazyKaelby · first_building Siege Workshop |
| 7:35 | Ye · age_up castle |
| 7:42 | CrazyKaelby · first_building Monastery |
| 7:44 | [TW] hushin0917 · age_up castle |
| 7:47 | Ye · first_building Siege Workshop |
| 8:12 | Keishi · first_market_sell 500 wood |
| 8:49 | [S33]ff · age_up castle |
| 8:57 | {R} Parry · first_building Siege Workshop |
| 9:04 | {R} Parry · first_building Monastery |
| 9:26 | Pineappleman · age_up castle |
| 9:44 | Bao Oninon · age_up castle |
| 9:46 | Ye · age_up imperial |
| 9:52 | CrazyKaelby · age_up imperial |
| 10:47 | Keishi · age_up castle |
| 10:57 | {R} Parry · first_market_buy 500 stone |
| 11:01 | [TW] hushin0917 · first_building Monastery |
| 11:40 | {R} Parry · age_up imperial |
| 12:10 | CrazyKaelby · first_building Barracks |
| 12:48 | [S33]ff · first_market_sell 500 wood |
| 12:54 | CrazyKaelby · first_building Stable |
| 13:01 | [TW] hushin0917 · age_up imperial |
| 13:47 | Bao Oninon · first_market_sell 500 wood |
| 14:21 | Bao Oninon · first_building Monastery |
| 14:47 | Bao Oninon · first_building Siege Workshop |
| 15:29 | CrazyKaelby · first_building Castle |
| 15:30 | Pineappleman · first_market_sell 500 wood |
| 15:39 | Pineappleman · first_building Castle |
| 15:46 | [TW] hushin0917 · first_building Castle |
| 16:06 | {R} Parry · first_building Castle |
| 16:06 | Keishi · first_building Siege Workshop |
| 16:18 | [TW] hushin0917 · first_building Barracks |
| 16:19 | Bao Oninon · age_up imperial |
| 16:24 | Keishi · first_market_buy 100 food |
| 16:25 | CrazyKaelby · first_building Archery Range |
| 16:44 | {R} Parry · first_building Barracks |
| 16:49 | [TW] hushin0917 · first_building Archery Range |
| 17:19 | [TW] hushin0917 · first_building Siege Workshop |
| 17:20 | Pineappleman · age_up imperial |
| 17:46 | Keishi · age_up imperial |
| 17:49 | Ye · first_building Castle |
| 17:52 | Pineappleman · first_market_buy 500 food |
| 18:44 | Pineappleman · first_building Barracks |
| 18:52 | Pineappleman · first_building Donjon |
| 19:12 | Ye · first_building Barracks |
| 19:14 | {R} Parry · first_building Stable |
| 19:45 | Ye · first_building Stable |
| 19:47 | Ye · first_building Archery Range |
| 20:12 | Bao Oninon · first_building Donjon |
| 20:16 | Keishi · first_building Castle |
| 21:15 | Bao Oninon · first_building Castle |
| 21:45 | [S33]ff · first_building Castle |
| 23:59 | [S33]ff · age_up imperial |
| 24:27 | Keishi · first_building Barracks |
| 24:44 | [S33]ff · first_market_buy 500 stone |
| 25:18 | [S33]ff · first_building Barracks |
| 25:30 | Keishi · first_building Dock |
| 25:48 | Bao Oninon · first_building Barracks |
| 27:44 | Keishi · first_building Donjon |
| 29:59 | [S33]ff · first_building Donjon |
| 31:28 | [TW] hushin0917 · tribute_sent a jugador 1 |
| 31:28 | [TW] hushin0917 · tribute_sent a jugador 2 |
| 31:28 | [TW] hushin0917 · tribute_sent a jugador 3 |
| 31:28 | [TW] hushin0917 · tribute_sent a jugador 4 |
| 31:28 | [TW] hushin0917 · tribute_sent a jugador 5 |
| 31:28 | [TW] hushin0917 · tribute_sent a jugador 7 |
| 31:28 | [TW] hushin0917 · tribute_sent a jugador 8 |
| 32:22 | CrazyKaelby · tribute_sent a jugador 1 |
| 32:22 | CrazyKaelby · tribute_sent a jugador 3 |
| 32:22 | CrazyKaelby · tribute_sent a jugador 4 |
| 32:22 | CrazyKaelby · tribute_sent a jugador 5 |
| 32:22 | CrazyKaelby · tribute_sent a jugador 6 |
| 32:22 | CrazyKaelby · tribute_sent a jugador 7 |
| 32:22 | CrazyKaelby · tribute_sent a jugador 8 |
| 32:27 | Bao Oninon · wall_segment Stone Wall x1 |
| 32:36 | CrazyKaelby · first_building Dock |
| 32:48 | Bao Oninon · wall_segment Stone Wall x1 |
| 33:00 | Bao Oninon · wall_segment Stone Wall x3 |
| 34:02 | Bao Oninon · wall_segment Stone Wall x1 |
| 34:03 | Bao Oninon · wall_segment Stone Wall x1 |
| 34:11 | [S33]ff · wall_segment Stone Wall x9 |
[ AI ANALYSIS · 1 CREDIT ]
What really happened in this match?
Wolo.gg analyzes every decision: build order, eco, micro, common mistakes by bracket. Personalized analysis on WhatsApp or Discord in 30 seconds.
Civ guide
Aztecs
Perfil
Jugador #2751899